 Dungeon Crawl Stone Soup version 0.22.1-2-g9c5b331383 (webtiles) character file.

25 Jerry the Skirmisher (level 3, -4/31 HPs)
             Began as a Ghoul Fighter on Nov 22, 2018.
             Slain by Sigmund
             ... wielding a +0 scythe
              (5 damage)
             ... on level 2 of the Dungeon.
             The game lasted 00:03:11 (1023 turns).

Jerry the Skirmisher (Ghoul Fighter)                Turns: 1023, Time: 00:03:12

Health: -4/31      AC:  7    Str: 25    XL:     3   Next: 4%
Magic:  2/2        EV: 10    Int:  3    God:
Gold:   45         SH:  0    Dex:  8    Spells: 2/2 levels left

rFire    . . .     SeeInvis .   a - +0 flail
rCold    + . .     Gourm    .   (no shield)
rNeg     + + +     Faith    .   b - +0 scale mail
rPois    ∞         Spirit   .   (no helmet)
rElec    .         Reflect  .   (no cloak)
rCorr    +         Harm     .   m - +0 pair of gloves
MR       .....                  (no boots)
Stlth    ..........             (no amulet)
HPRegen  0.00/turn              l - ring of resist corrosion
MPRegen  0.08/turn              (no ring)

@: mighty, rotting
A: rotting body, claws 1, carnivore, cold resistance 1, negative energy
resistance 3, inhibited regeneration, torment resistance, unbreathing
a: no special abilities


You were on level 2 of the Dungeon.
You were not hungry.

You visited 1 branch of the dungeon, and saw 2 of its levels.

You collected 45 gold pieces.

Inventory:

Hand Weapons
 a - a +0 flail (weapon)
 p - a cursed -2 hand axe
Armour
 b - a +0 scale mail (worn)
 c - a +0 shield
 m - a +0 pair of gloves (worn)
Jewellery
 l - a ring of resist corrosion (left hand)
Scrolls
 g - a scroll of fear {unknown}
 h - a scroll of enchant armour {unknown}
 j - a scroll of teleportation {unknown}
 k - a scroll of identify {unknown}
 o - a scroll of blinking {unknown}
Potions
 e - a potion of cancellation {unknown}
 i - a potion of agility {unknown}
 n - a potion of heal wounds {unknown}
 q - a potion of lignification {unknown}
Comestibles
 f - 2 rations


   Skills:
 + Level 3.5 Fighting
 * Level 2.3 Maces & Flails
 + Level 2.9 Armour
 + Level 0.8 Dodging
 - Level 2.7 Shields


You had 2 spell levels left.
You didn't know any spells.
Your spell library was empty.

Dungeon Overview and Level Annotations

Branches:
Dungeon (2/15)

Altars:

Annotations:
D:2 Natasha, Sigmund


Innate Abilities, Weirdness & Mutations

Your body is rotting away.
You thrive on raw meat.
You are immune to poison.
You have sharp fingernails.
You are carnivorous and can eat meat at any time.
Your flesh is cold resistant. (rC+)
You are immune to negative energy. (rN+++)
You do not regenerate when monsters are visible.
You are immune to unholy pain and torment.
You can survive without breathing.


Message History

Sigmund hits you with a scythe.
You closely miss Sigmund. You barely miss Sigmund.
Sigmund hits you but does no damage.
You completely miss Sigmund. Sigmund hits you with a scythe.
You hit Sigmund.
Sigmund is lightly wounded.
Sigmund barely misses you.
You thump Sigmund!
Sigmund is heavily wounded.
Sigmund hits you with a scythe.
You sock Sigmund!
Sigmund is almost dead.
Sigmund mumbles some strange words.
Sigmund flickers and vanishes!
Deactivating autopickup; reactivate with Ctrl-A.
You barely miss something. Something hits you!
You miss something. Something hits you!
* * * LOW HITPOINT WARNING * * *
You closely miss something. Something hits you.
You die...

####### ###...<...
#.@.......
#<#{###### #####.#.#
##...#.#.#
##......#..
#.......#####..#####
#...<..............#
#.(................
##.....###......5. #


There were no monsters in sight!

Vanquished Creatures
  A dart slug (D:1)
  A leopard gecko (D:1)
  2 bats (D:1)
  4 goblins (D:1)
  2 hobgoblins (D:1)
  5 jackals (D:1)
  A ball python (D:1)
  A frilled lizard (D:1)
  3 kobolds (D:1)
20 creatures vanquished.

Notes
Turn   | Place    | Note
-------+----------+-------------------------------------------
     0 | D:1      | Jerry the Ghoul Fighter began the quest for the Orb.
     0 | D:1      | Reached XP level 1. HP: 19/19 MP: 0/0
   180 | D:1      | Reached XP level 2. HP: 26/26 MP: 1/1
   962 | D:2      | Noticed Natasha
   966 | D:2      | Noticed a crimson imp
   966 | D:2      | Noticed a crimson imp
   989 | D:1      | Reached XP level 3. HP: 13/31 MP: 2/2
  1012 | D:2      | Noticed Sigmund
  1022 | D:2      | HP: 1/31 [something (11)]
  1023 | D:2      | Slain by Sigmund

Skill      XL: |  1 |
---------------+----+-----
Maces & Flails | 2 |  2.3
Fighting       | |  3.5
Armour         | |  2.9
Dodging        | |  0.8
Shields        | |  2.7

Action                   || total
-------------------------++-------
Melee: Flail             ||   106
  Use: Potion            ||     1
  Eat: Chunk             ||    10
Armor: Scale mail        ||    80
Dodge: Dodged            ||    94
Block: Shield            ||    37
